 Dungeon Crawl Stone Soup version 0.28.0-45-g0d030f2227 (webtiles) character file.

Game seed: 6497540398182969948

59 wblackke the Grasshopper (level 3, 0/29 HPs)
             Began as a Palentonga Warper on Apr 11, 2022.
             Slain by a bat (1 damage)
             ... on level 1 of the Dungeon.
             The game lasted 00:06:46 (1410 turns).

wblackke the Grasshopper (Palentonga Warper)        Turns: 1410, Time: 00:06:46

Health: 0/29       AC:  4    Str: 14    XL:     3   Next: 78%
Magic:  6/6        EV:  9    Int: 13    God:
Gold:   62         SH:  0    Dex: 11    Spells: 4/6 levels left

rFire   + . .      SeeInvis +   a - +0 falchion
rCold   . . .      Faith    .   (no shield)
rNeg    . . .      Spirit   .   b - +0 leather armour
rPois   .          Reflect  .   (no helmet)
rElec   .          Harm     .   (no cloak)
rCorr   .          Rampage  .   (no gloves)
Will    .....                   (no barding)
Stlth   +.........              (no amulet)
HPRegen 0.09/turn               (no ring)
MPRegen 0.10/turn               (no ring)

@: hasted, very quick
A: large, rugged brown scales 3, see invisible, deformed body, roll 1, armoured
tail, stinger 1, fire resistance 1, evolution 1
a: Rolling Charge


You were on level 1 of the Dungeon.
You visited 1 branch of the dungeon, and saw 2 of its levels.

You collected 62 gold pieces.

Inventory:

Hand Weapons
 a - a +0 falchion (weapon)
Missiles
 d - 5 boomerangs of dispersal (quivered)
 j - a throwing net
Armour
 b - a +0 leather armour (worn)
 h - a +0 chain mail
Scrolls
 e - 2 scrolls of vulnerability
 g - a scroll of enchant weapon {unknown}
 k - a scroll of teleportation {unknown}
Potions
 i - a potion of haste


   Skills:
 + Level 2.3 Fighting
 - Level 2.4 Long Blades
 * Level 0.3(0.7) Slings
 - Level 1.1 Throwing
 + Level 1.2 Armour
 - Level 1.9 Dodging
 - Level 2.2 Spellcasting
 * Level 3.3 Translocations


You had 4 spell levels left.
You knew the following spells:

 Your Spells              Type           Power      Damage    Failure   Level
a - Blink                 Tloc           20%        N/A       12%         2

Your spell library contained the following spells:

 Spells                   Type           Power      Damage    Failure   Level
 Gell's Gravitas          Tloc           10%        N/A       24%         3
 Lesser Beckoning         Tloc           10%        N/A       24%         3
 Teleport Other           Tloc           10%        N/A       24%         3
 Pain                     Necr           4%         1d4       30%         1
 Manifold Assault         Tloc           10%        N/A       91%         5
 Agony                    Necr           1%         N/A       100%        5
 Excruciating Wounds      Necr           0%         N/A       100%        5


Dungeon Overview and Level Annotations

Branches:
Dungeon (2/15)

Altars:


Innate Abilities, Weirdness & Mutations

You are completely covered in rugged brown scales. (AC +3, +7% HP)
You have supernaturally acute eyesight. (SInv)
Armour fits poorly on your strangely shaped body.
You can roll at nearby foes to attack.
You have a long armoured tail.
Your tail ends in a venomous barb.
Your flesh is heat resistant. (rF+)
You have hidden genetic potential.


Message History

* * * LOW HITPOINT WARNING * * *
You open the door.
A bat comes into view.
A hobgoblin comes into view.
Found 2 boomerangs.
The hobgoblin shouts!
The bat hits you.
* * * LOW HITPOINT WARNING * * *
There is an open door, spattered with blood here.
It was a potion of mutation.
You feel extremely strange.
You feel a hidden potential growing inside you.
You feel resistant to heat.
A venomous barb forms on the end of your tail.
The bat completely misses you. The endoplasm barely misses you.
It was a potion of haste.
You feel yourself speed up. The bat hits you but does no damage.
The hobgoblin hits you but does no damage.
The endoplasm hits you but does no damage.
The bat hits you but does no damage.
A rat comes into view.
The bat hits you but does no damage. The bat barely misses you.
The bat barely misses you.
The rat twitches its whiskers.
The bat hits you but does no damage. The bat barely misses you.
The bat hits you but does no damage. The bat closely misses you.
The bat barely misses you. The bat completely misses you.
The bat barely misses you. The bat hits you but does no damage.
The bat hits you.
* * * LOW HITPOINT WARNING * * *
The bat hits you but does no damage. The bat hits you but does no damage.
The bat hits you but does no damage. The bat hits you but does no damage.
The bat closely misses you. The bat hits you.
You die...

#...##.# #.#.# #.##.#.# #...##.#
#.#.#.# .#....... #...##.#
#.#.#.# ....#.#J# #...# .#
#.#.#.# #..... #...# #.#.#.#
##.#.# #...# #.#.# ###########.#.
#...# #.#.# #......g..#...
#...#### #.#.# #.#######.#.##
......... #.#@# #.##......#...
##.###########.#b# #.##......####
.............#.#b# #.##..........
######...###.#.#.###.##....J.####
#.......#.....#......+.....rK.bK
#.............#####.##......####
#..##########.# #.##......#
#...........#.# #.##.......
#.########.##.# #.##.......


You could see 2 bats.

Vanquished Creatures
  Jessica (D:2)
  3 endoplasms
  A giant cockroach (D:1)
  3 goblins
  7 hobgoblins
  4 jackals (D:2)
  A quokka (D:2)
  3 ball pythons
  A bat (D:2)
  A frilled lizard (D:1)
  A kobold (D:2)
  2 rats (D:2)
28 creatures vanquished.

Notes
Turn   | Place    | Note
-------+----------+-------------------------------------------
     0 | D:1      | wblackke the Palentonga Warper began the quest for the Orb.
     0 | D:1      | Reached XP level 1. HP: 17/17 MP: 3/3
     3 | D:1      | Noticed an electric eel
    14 | D:1      | Found a faded altar of an unknown god.
    62 | D:1      | Noticed an electric eel
   375 | D:2      | Reached XP level 2. HP: 21/23 MP: 5/5
   450 | D:2      | Reached skill level 1 in Armour
   596 | D:2      | Noticed Jessica
   632 | D:2      | Killed Jessica
   633 | D:2      | Reached skill level 1 in Throwing
   633 | D:2      | Reached XP level 3. HP: 13/28 MP: 6/6
   904 | D:2      | Learned a level 2 spell: Blink
  1375 | D:1      | HP: 1/29 [bat (1)]
  1384 | D:1      | HP: 1/29 [bat (1)]
  1385 | D:1      | Gained mutation: You have hidden genetic potential. [potion
                  | of mutation]
  1385 | D:1      | Gained mutation: Your flesh is heat resistant. (rF+)
                  | [potion of mutation]
  1385 | D:1      | Gained mutation: Your tail ends in a venomous barb. [potion
                  | of mutation]
  1402 | D:1      | HP: 1/29 [bat (1)]
  1410 | D:1      | Slain by a bat

Illustrated notes

Levels and vault maps discovered:
D:1:      arrival_aquarium_b, layout_basic, ebering_ecumenical_altar_mist,
          st_stairs_9
D:2:      layout_loops_ring, dk_noncrumbling_2, chequers_serial_rivers_micro_a,
          guppyfry_early_orc_mine, uniq_jessica

Skill      XL: |  1  2 |
---------------+-------+-----
Armour         | 1 |  1.2
Throwing       | 1 |  1.1
Fighting       | |  2.3
Long Blades    | |  2.4
Slings         | |  0.3
Dodging        | |  1.9
Spellcasting   | |  2.2
Translocations | |  3.3

Action                   || total
-------------------------++-------
Melee: Falchion          ||    80
       Tailslap          ||     5
 Cast: Blink             ||     2
 Abil: Rolling Charge    ||     5
  Use: Potion            ||     4
       Scroll            ||     2
Armor: Leather armour    ||    50
       Skin              ||     2
Dodge: Dodged            ||    60
